 Dungeon Crawl Stone Soup version 0.24.0-10-g970556be89 (webtiles) character file.

Game seed: 17245169797479157117, levelgen mode: deterministic

171445 mopl the Impaler (level 17, -4/138 HPs)
             Began as a Merfolk Abyssal Knight on Nov 2, 2019.
             Was the Champion of Lugonu.
             Slain by Jifi's ghost (32 damage)
             ... on level 3 of the Spider Nest on Nov 3, 2019.
             The game lasted 01:42:48 (38317 turns).

mopl the Impaler (Merfolk Abyssal Knight)          Turns: 38317, Time: 01:42:49

Health: -4/138     AC: 19    Str: 25    XL:     17   Next: 72%
Magic:  37/37      EV: 22    Int: 12    God:    Lugonu [******]
Gold:   1177       SH:  0    Dex: 19    Spells: 15/16 levels left

rFire    + . .     SeeInvis +   a - +2 demon trident (venom)
rCold    + + .     Gourm    .   (no shield)
rNeg     + . .     Faith    +   g - +0 swamp dragon scales
rPois    +         Spirit   .   X - +3 hat of Pondering {ponderous, MR+ MP+10 Int+5}
rElec    .         Reflect  .   M - scarf {rC+ rF+}
rCorr    .         Harm     .   x - +2 pair of gloves of the Lumpy Gods {rF+ MR+ Str+7 Int-4}
MR       ++++.                  V - +2 pair of boots {run}
Stlth    +.........             I - amulet "Ukailuh" {Faith rF- rC+ MR+ Dex+4}
HPRegen  0.33/turn              z - ring of positive energy
MPRegen  0.25/turn              E - ring of see invisible

@: no status effects
A: change form in water, swift swim, stealthy swim
}: 1/15 runes: decaying
a: Depart the Abyss, Bend Space, Banish, Corrupt, Enter the Abyss, Brand Weapon
With Distortion, Renounce Religion


You were on level 3 of the Spider Nest.
You worshipped Lugonu.
Lugonu was exalted by your worship.
You were not hungry.

You visited 5 branches of the dungeon, and saw 30 of its levels.
You visited the Abyss 1 time.
You also visited: Ice Cave.

You collected 2712 gold pieces.
You spent 1535 gold pieces at shops.

Inventory:

Hand Weapons
 a - a +2 demon trident of venom (weapon)
 b - a +0 glaive
Missiles
 h - 20 atropa-tipped darts
 s - 3 throwing nets
 y - 11 javelins
 B - 24 curare-tipped darts
 C - 9 poisoned darts
 N - 53 boomerangs (quivered)
Armour
 g - +0 swamp dragon scales (worn)
 x - the +2 pair of gloves of the Lumpy Gods (worn) {rF+ MR+ Str+7 Int-4}
   (You bought it in a shop on level 2 of the Orcish Mines)

   It affects your strength (+7).
   It affects your intelligence (-4).
   It protects you from fire.
   It affects your resistance to hostile enchantments.
 M - a scarf of resistance (worn)
 V - a +2 pair of boots of running (worn)
 X - the +3 hat of Pondering (worn) {ponderous, MR+ MP+10 Int+5}
   (You found it in an ice cave)

   It affects your intelligence (+5).
   It affects your resistance to hostile enchantments.
   It affects your magic capacity (+10).
Jewellery
 z - a ring of positive energy (left hand)
 E - a ring of see invisible (right hand)
 I - the amulet "Ukailuh" (around neck) {Faith rF- rC+ MR+ Dex+4}
   (You found it on level 2 of the Swamp)

   [amulet of faith]

   It allows you to gain divine favour quickly.
   It affects your dexterity (+4).
   It makes you vulnerable to fire.
   It protects you from cold.
   It affects your resistance to hostile enchantments.
Wands
 d - a wand of scattershot (1)
 H - a wand of digging (8)
 K - a wand of disintegration (9)
 L - a wand of iceblast (11)
 O - a wand of clouds (2)
 Q - a wand of polymorph (8)
 R - a wand of flame (33)
 Y - a wand of paralysis (9)
 Z - a wand of acid (10)
Scrolls
 l - 12 scrolls of teleportation
 q - 3 scrolls of identify
 r - 4 scrolls of fog
 u - a scroll of vulnerability
 D - 3 scrolls of fear
 G - 8 scrolls of magic mapping
 S - 19 scrolls of remove curse
 T - 3 scrolls of summoning
Potions
 e - 3 potions of ambrosia
 f - 3 potions of resistance
 i - 4 potions of agility
 j - a potion of invisibility
 k - 2 potions of might
 n - 5 potions of cancellation
 o - 2 potions of magic
 p - 3 potions of haste
 v - 4 potions of curing
 A - 2 potions of berserk rage
 F - 4 potions of lignification
 P - a potion of heal wounds
Miscellaneous
 t - a fan of gales
 J - a phantom mirror
 W - 2 sacks of spiders
Comestibles
 c - 59 rations


   Skills:
 + Level 13.6 Fighting
 - Level 20.0 Polearms
 + Level 12.3 Throwing
 + Level 8.7 Armour
 + Level 13.1 Dodging
 + Level 14.3 Invocations
 + Level 9.1 Evocations


You had 15 spell levels left.
You knew the following spells:

 Your Spells              Type           Power        Failure   Level  Hunger
a - Apportation           Tloc           #.....       43%         1    ##.....

Your spell library contained the following spells:

 Spells                   Type           Power        Failure   Level  Hunger
 Animate Skeleton         Necr           N/A          43%         1    ##.....
 Beastly Appendage        Tmut           #.....       43%         1    ##.....
 Confusing Touch          Hex            #.....       43%         1    ##.....
 Corona                   Hex            #......      43%         1    ##.....
 Magic Dart               Conj           #...         43%         1    ##.....
 Summon Small Mammal      Summ           #...         43%         1    ##.....
 Corpse Rot               Necr           N/A          56%         2    ###....
 Ensorcelled Hibernation  Hex/Ice        #.....       56%         2    ###....
 Searing Ray              Conj           #.....       56%         2    ###....
 Sticks to Snakes         Tmut           #.......     56%         2    ###....
 Sublimation of Blood     Necr           #.........   56%         2    ###....
 Confuse                  Hex            #.......     80%         3    ####...
 Dazzling Spray           Conj/Hex       #.....       80%         3    ####...
 Recall                   Summ/Tloc      N/A          80%         3    ####...
 Spider Form              Tmut/Pois      #.........   80%         3    ####...
 Tukima's Dance           Hex            #.......     80%         3    ####...
 Animate Dead             Necr           N/A          99%         4    #####..
 Force Lance              Conj/Tloc      #.......     99%         4    #####..
 Fulminant Prism          Conj/Hex       #.........   99%         4    #####..
 Ice Form                 Ice/Tmut       #.......     99%         4    #####..
 Iskenderun's Mystic Bla  Conj           #.......     99%         4    #####..
 Leda's Liquefaction      Hex/Erth       #.........   99%         4    #####..
 Agony                    Necr           #.......     100%        5    ######.
 Blade Hands              Tmut           #.........   100%        5    ######.
 Bolt of Draining         Conj/Necr      #.........   100%        5    ######.
 Bolt of Magma            Conj/Fire/Erth #.........   100%        5    ######.
 Borgnjor's Vile Clutch   Necr/Erth      #.........   100%        5    ######.
 Dispel Undead            Necr           #.......     100%        5    ######.
 Excruciating Wounds      Chrm/Necr      #.........   100%        5    ######.
 Death Channel            Necr           #.........   100%        6    #######
 Iron Shot                Conj/Erth      #.........   100%        6    #######
 Simulacrum               Ice/Necr       #.........   100%        6    #######
 Statue Form              Tmut/Erth      #........    100%        6    #######
 Dragon Form              Tmut           #.........   100%        7    #######
 Shatter                  Erth           #.........   100%        9    #######


Dungeon Overview and Level Annotations

Branches:
Dungeon (15/15)            Temple (0/1) D:7            Lair (6/6) D:10
  Swamp (4/4) Lair:2       Spider (3/4) Lair:2        Slime (0/5) Lair:6
    Orc (2/2) D:9             Elf (0/3) Orc:2        Vaults (0/5) D:13
 Depths (0/5) D:15          IceCv (visited)

Altars:
Ashenzari
Dithmenos
Elyvilon
Hepliaklqana
Kikubaaqudgha
Makhleb
Qazlal
Ru
Sif Muna
Trog
Xom
Yredelemnul
Beogh
Jiyva

Shops:
D:9 *   D:13 (   Orc:2 **(}=

Annotations:
D:14 cold CPA
Lair:4 corrupted
Lair:6 exclusion: 4 oklob plants
Swamp:1 2 transporters, Zatibaps's ghost, journeyman FeVM
Swamp:4 mut
Spider:3 Jifi's ghost, journeyman GrGl
Abyss:1 Rupert


Message History

Press: ? - help, Shift-Dir - straight line, f/p - Jifi's ghost
Aim: Jifi's ghost (almost destroyed)
The bolt of acid hits Jifi's ghost but does no damage.
Jifi's ghost is almost destroyed.
Jifi's ghost misses you.
Evoke which item? (* to show all) (? for menu, Esc to quit)
Aiming: Corrosive Bolt
Press: ? - help, Shift-Dir - straight line, f/p - Jifi's ghost
Aim: Jifi's ghost (almost destroyed)
The bolt of acid misses Jifi's ghost.
Jifi's ghost hits you!
* * * LOW HITPOINT WARNING * * *
You feel much better. Jifi's ghost completely misses you.
Evoke which item? (* to show all) (? for menu, Esc to quit)
Aiming: Corrosive Bolt
Press: ? - help, Shift-Dir - straight line, f/p - Jifi's ghost
Aim: Jifi's ghost (almost destroyed)
The bolt of acid hits Jifi's ghost but does no damage.
Jifi's ghost is almost destroyed.
Jifi's ghost hits you!!
You die...

## ## ###≈##[#
#####@#.≈.### .
#...#W#..}≈≈#
.^##.....'.#..##
..).......'...)≈#
###^....#.#≈⌠..##
##......#..#≈#
#......###≈$##
#.......#####
####....<#


You could see Jifi's ghost.

Vanquished Creatures
  Jorgrun (D:14)
  Roxanne (Spider:2)
  Kirke (Lair:5)
  Donald (Swamp:2)
  A fire giant (D:15)
  Aizul (Swamp:2)
  A fire dragon (D:12)
  Erolcha (D:10)
  18 hydras
  Harold (D:11)
  A ghost crab (Swamp:3)
  5 centaur warriors
  6 shambling mangroves
  9 two-headed ogres
  Erica (D:9)
  6 alligators
  2 tengu warriors
  Urug (D:10)
  9 orc high priests
  A fire crab (Lair:5)
  Nergalle (D:10)
  18 swamp dragons
  2 unseen horrors
  2 orc knights
  A spriggan druid (Swamp:2)
  The ghost of KaosKat the Tainter, a novice OpVM of Gozag (D:8)
  A necromancer (Lair:5)
  4 wolf spiders
  A deep elf mage (D:15)
  2 orc sorcerers (Orc:2)
  An oklob plant (D:10)
  An orb spider (Spider:2)
  4 ugly things
  4 cyclopes
  3 elephants (Lair:4)
  4 black mambas
  2 manticores
  2 centaur zombies (D:14)
  Maurice (D:8)
  Psyche (D:11)
  2 ice statues (IceCv)
  3 gargoyles
  24 spiny frogs
  2 rime drakes
  A demonic crawler (Spider:2)
  5 ice devils (IceCv)
  5 komodo dragons
  A komodo dragon (shapeshifter) (D:15)
  3 tengu conjurers
  17 tyrant leeches
  A merfolk (D:11)
  2 jumping spiders (Spider:2)
  7 trolls
  A polar bear (Lair:6)
  A wolf spider simulacrum (D:15)
  18 hornets
  9 hippogriffs
  17 bog bodies
  36 blink frogs
  5 dream sheep
  25 slime creatures
  Sigmund (D:4)
  12 redbacks
  A vampire (D:12)
  43 yaks
  8 tarantellas
  A wraith (D:15)
  8 spriggans
  Eustachio (D:5)
  3 wyverns
  3 basilisks
  16 humans (D:13)
  Grum (D:8)
  Menkaure (D:4)
  27 vampire mosquitoes
  18 swamp worms
  10 insubstantial wisps
  2 soldier ants
  2 acid dragons
  7 wargs
  Edmund (D:4)
  11 water moccasins
  8 porcupines
  9 swamp drakes
  21 orc warriors
  2 sky beasts
  3 ice beasts
  3 necrophages
  2 phantoms
  14 wolves
  5 boggarts (D:14)
  14 ogres
  8 centaurs
  8 crocodiles
  5 big kobolds
  29 bullfrogs
  A wyvern zombie (D:14)
  A water moccasin skeleton (D:5)
  6 scorpions
  3 killer bees (D:11)
  14 wights
  A troll skeleton (D:15)
  8 electric eels
  6 crimson imps
  A quasit (D:13)
  3 human zombies (D:15)
  3 hounds
  3 jellies
  28 orc priests
  A gnoll shaman (D:8)
  26 orc wizards
  5 centaur skeletons
  5 iguanas
  A human skeleton (D:15)
  9 worker ants
  2 yak simulacra (Lair:5)
  2 polar bear simulacra (Lair:5)
  5 wolf simulacra (Lair:5)
  A killer bee zombie (D:10)
  A hound zombie (D:5)
  2 hound skeletons
  2 worker ant zombies
  8 gnolls
  10 adders
  A howler monkey skeleton (D:5)
  6 shadow imps
  8 white imps (IceCv)
  9 ufetubi (IceCv)
  3 oozes
  2 adder skeletons
  2 adder zombies
  A worm (D:3)
  3 dart slugs
  9 leopard geckos
  88 orcs
  10 bats
  10 giant cockroaches
  10 goblins
  9 hobgoblins
  3 jackals (D:3)
  7 quokkas
  A ball python zombie (D:5)
  4 frilled lizards
  24 kobolds
  An orc skeleton (D:15)
  An orc zombie (D:15)
  2 quokka zombies (D:6)
  6 rats
  2 river rat simulacra (Lair:5)
  A fungus (Lair:6)
  A plant (D:10)
999 creatures vanquished.

Vanquished Creatures (others)
  4 thorn hunters
  A reaper (IceCv)
  2 entropy weavers (Lair:4)
  6 hydras
  A queen ant (Lair:4)
  An unseen horror (D:14)
  A black mamba (Lair:6)
  4 elephants (Lair:4)
  A spiny frog (Lair:4)
  A hippogriff (Lair:4)
  A human (Lair:5)
  4 water moccasins
  20 soldier ants (Lair:4)
  A porcupine (Lair:4)
  A black bear (D:11)
  A crocodile (Lair:4)
  A bullfrog (Lair:4)
  18 worker ants (Lair:4)
  4 white imps (IceCv)
  2 ufetubi (IceCv)
  An orc (Orc:1)
  14 fungi
  50 plants
140 creatures vanquished.

Grand Total: 1139 creatures vanquished

Notes
Turn   | Place    | Note
-------+----------+-------------------------------------------
     0 | Abyss:1  | mopl the Merfolk Abyssal Knight began the quest for the
                  | Orb.
     0 | Abyss:1  | Reached XP level 1. HP: 18/18 MP: 2/2
    44 | Abyss:1  | Noticed an ancient zyme
    51 | Abyss:1  | Noticed an insubstantial wisp
    53 | Abyss:1  | Noticed a small abomination
    58 | D:1      | Escaped the Abyss
   704 | D:1      | Reached XP level 2. HP: 24/24 MP: 3/3
   727 | D:1      | Reached * piety under Lugonu
   745 | D:1      | Reached skill level 4 in Polearms
   905 | D:1      | Reached XP level 3. HP: 29/29 MP: 4/4
  1359 | D:1      | Reached skill level 5 in Polearms
  1491 | D:2      | Found a burning altar of Makhleb.
  1552 | D:2      | Found a hazy altar of Hepliaklqana.
  1553 | D:2      | Found a shimmering altar of Xom.
  1553 | D:2      | Noticed a bullfrog
  1554 | D:2      | Noticed a spectral ugly thing
  1554 | D:2      | Noticed a bullfrog
  1642 | D:2      | Noticed a cacodemon
  1699 | D:2      | Reached XP level 4. HP: 35/35 MP: 6/6
  1839 | D:2      | Reached ** piety under Lugonu
  2465 | D:2      | Found a shadowy altar of Dithmenos.
  2670 | D:3      | Reached skill level 6 in Polearms
  2838 | D:2      | Reached XP level 5. HP: 34/41 MP: 7/7
  3070 | D:3      | Found a shattered altar of Ashenzari.
  3677 | D:3      | Reached skill level 7 in Polearms
  3738 | D:4      | Noticed Menkaure
  3972 | D:4      | Found a sacrificial altar of Ru.
  3972 | D:4      | Found an ancient bone altar of Kikubaaqudgha.
  4132 | D:4      | Reached XP level 6. HP: 40/47 MP: 7/9
  4161 | D:4      | Found a white marble altar of Elyvilon.
  4234 | D:4      | Found a shimmering blue altar of Sif Muna.
  4325 | D:4      | Noticed Sigmund
  4377 | D:5      | Entered Level 5 of the Dungeon
  4701 | D:5      | Noticed Eustachio
  4823 | D:5      | Killed Eustachio
  4823 | D:5      | Reached skill level 8 in Polearms
  4952 | D:5      | Reached XP level 7. HP: 47/52 MP: 10/10
  5034 | D:5      | Reached skill level 9 in Polearms
  5124 | D:5      | Reached skill level 5 in Invocations
  5287 | D:5      | You fall into a shaft and drop 2 floors!
  5424 | D:7      | Reached *** piety under Lugonu
  5424 | D:7      | Reached skill level 10 in Polearms
  5806 | D:7      | Reached XP level 8. HP: 58/58 MP: 12/12
  5929 | D:7      | Found a staircase to the Ecumenical Temple.
  5969 | D:7      | Reached skill level 11 in Polearms
  5969 | D:7      | Reached skill level 1 in Throwing
  7631 | D:8      | Reached skill level 12 in Polearms
  7631 | D:8      | Reached XP level 9. HP: 57/66 MP: 12/14
  8062 | D:8      | Reached skill level 5 in Fighting
  8144 | D:8      | Noticed Grum
  8160 | D:8      | Killed Grum
  8590 | D:8      | Noticed Maurice
  8599 | D:8      | Killed Maurice
  8599 | D:8      | Reached **** piety under Lugonu
  8599 | D:8      | Reached skill level 13 in Polearms
  8647 | D:8      | Noticed KaosKat's ghost (novice OpVM)
  8648 | D:8      | Found a transporter.
  8649 | D:8      | Found a transporter.
  8649 | D:8      | Noticed a two-headed ogre
  8854 | D:4      | Noticed Edmund
  8861 | D:4      | Killed Edmund
  9215 | D:4      | Killed Sigmund
  9463 | D:4      | Killed Menkaure
  9610 | D:9      | Reached XP level 10. HP: 76/76 MP: 15/15
  9733 | D:9      | Found Sarir's Assorted Antiques.
  9801 | D:9      | Found a staircase to the Orcish Mines.
  9817 | D:9      | Bought a black potion for 21 gold pieces
  9817 | D:9      | Bought a scroll labeled TYFUMP KAFFEMPUO for 24 gold pieces
  9817 | D:9      | Bought a scroll labeled ELEIDD UPOO for 24 gold pieces
  9817 | D:9      | Bought a scroll labeled PERUORAIGE for 24 gold pieces
  9817 | D:9      | Bought a scroll labeled ELEIDD UPOO for 24 gold pieces
  9817 | D:9      | Bought 3 scrolls of identify for 144 gold pieces
  9817 | D:9      | Bought a scroll of teleportation for 72 gold pieces
  9817 | D:9      | Bought a glass wand for 96 gold pieces
 10029 | D:9      | Noticed Erica
 10042 | D:9      | Killed Erica
 10042 | D:9      | Reached skill level 14 in Polearms
 10115 | D:10     | Entered Level 10 of the Dungeon
 10128 | D:10     | Noticed Urug
 10134 | D:10     | Killed Urug
 10134 | D:10     | Reached skill level 5 in Throwing
 10134 | D:10     | Reached skill level 5 in Dodging
 10480 | D:10     | Noticed a two-headed ogre
 10488 | D:10     | Killed a two-headed ogre
 10494 | D:10     | Identified the +9 hunting sling "Agier" {venom, rF+ rC+
                  | MP+9 Stlth+}
 10533 | D:10     | Found a bloodstained altar of Trog.
 10604 | D:10     | Noticed a manticore
 10605 | D:10     | Noticed Erolcha
 10626 | D:10     | Killed a manticore
 10670 | D:10     | Noticed an oklob plant
 10695 | D:10     | Reached XP level 11. HP: 83/84 MP: 17/17
 10705 | D:10     | Reached skill level 15 in Polearms
 10720 | D:10     | Found a staircase to the Lair.
 11114 | D:10     | Paralysed by Erolcha for 5 turns
 11123 | D:10     | Killed Erolcha
 11123 | D:10     | Reached skill level 1 in Armour
 11162 | D:11     | Noticed a two-headed ogre
 11171 | D:11     | Killed a two-headed ogre
 11176 | D:11     | Noticed Nergalle
 11275 | D:11     | Noticed Psyche
 11294 | D:11     | Noticed a two-headed ogre
 11304 | D:10     | Killed Nergalle
 11344 | D:11     | Reached ***** piety under Lugonu
 11355 | D:11     | Killed Psyche
 11439 | D:11     | Killed a two-headed ogre
 11464 | D:11     | Noticed Harold
 11484 | D:11     | Killed Harold
 11513 | D:11     | Noticed a two-headed ogre
 11555 | D:11     | Killed a two-headed ogre
 11724 | D:11     | Reached XP level 12. HP: 67/94 MP: 19/19
 12140 | D:11     | Found a stormy altar of Qazlal.
 12251 | D:11     | Reached skill level 16 in Polearms
 12251 | D:11     | Reached skill level 10 in Invocations
 12754 | Lair:1   | Entered Level 1 of the Lair of Beasts
 13106 | Lair:1   | Got a transparent ring mail
 13117 | Lair:1   | Identified the +4 ring mail of the Heavens {Int+3 Dex-3}
                  | (You found it on level 1 of the Lair of Beasts)
 14147 | Lair:2   | Noticed a five-headed hydra
 14149 | Lair:2   | Banished a five-headed hydra
 14217 | Lair:2   | Paralysed by a hornet for 3 turns
 14607 | Lair:2   | Found a hole to the Spider Nest.
 14627 | Lair:2   | Found a staircase to the Swamp.
 15087 | Lair:3   | Noticed Rupert
 15102 | Lair:3   | Paralysed by Rupert for 5 turns
 15129 | Lair:3   | Banished Rupert
 15129 | Lair:3   | Reached skill level 1 in Evocations
 15129 | Lair:3   | Reached XP level 13. HP: 103/103 MP: 21/21
 15334 | Lair:3   | Reached skill level 10 in Fighting
 15784 | Lair:3   | Noticed Sonja
 15785 | Lair:3   | Noticed Sonja
 15785 | Lair:3   | Sonja changed into Sonja the bullfrog
 15789 | Lair:3   | Killed Sonja the bullfrog
 15860 | Lair:3   | Reached skill level 17 in Polearms
 16390 | Lair:4   | Noticed an entropy weaver
 16392 | Lair:4   | Corrupted Lair:4
 16392 | Lair:4   | Noticed a shadow dragon
 16392 | Lair:4   | Noticed a white draconian
 16392 | Lair:4   | Noticed a bone dragon
 16394 | Lair:4   | Noticed an entropy weaver
 16396 | Lair:4   | Noticed a green very ugly thing
 16402 | Lair:4   | Killed an entropy weaver
 16419 | Lair:4   | Killed an entropy weaver
 16945 | Lair:4   | Reached skill level 5 in Armour
 17356 | Lair:5   | Noticed Kirke
 17390 | Lair:5   | Noticed a sphinx
 17421 | Lair:5   | Killed Kirke
 18096 | Lair:6   | Entered Level 6 of the Lair of Beasts
 18535 | Lair:6   | Reached XP level 14. HP: 95/111 MP: 22/22
 19714 | Lair:6   | Reached skill level 5 in Evocations
 19810 | Lair:6   | Reached ****** piety under Lugonu
 19962 | Lair:6   | Reached skill level 10 in Throwing
 20334 | Lair:6   | Reached skill level 18 in Polearms
 20415 | Lair:6   | Got a crude rapier
 20416 | Lair:6   | Identified the +5 rapier of Midwinter {drain, -Tele Str-4
                  | Int+8} (You found it on level 6 of the Lair of Beasts)
 20655 | Lair:6   | Found a staircase to the Slime Pits.
 20656 | Lair:6   | Found a viscous altar of Jiyva.
 21328 | Orc:1    | Entered Level 1 of the Orcish Mines
 21382 | Orc:1    | Found a roughly hewn altar of Beogh.
 21496 | Orc:2    | Entered Level 2 of the Orcish Mines
 21497 | Orc:2    | Found a staircase to the Elven Halls.
 22596 | Orc:2    | Found Welilede's General Store.
 22848 | Orc:1    | Reached XP level 15. HP: 113/120 MP: 24/24
 22932 | Orc:1    | Reached skill level 10 in Dodging
 23306 | Orc:2    | Bought a scroll of enchant armour for 127 gold pieces
 23306 | Orc:2    | Bought a scroll of fog for 34 gold pieces
 23387 | Orc:2    | Found Roavvull's Gadget Shoppe.
 23387 | Orc:2    | Found Qareuvim's Jewellery Boutique.
 23419 | Orc:2    | Found a roughly hewn altar of Beogh.
 23427 | Orc:2    | Found Xiafy's General Store.
 23427 | Orc:2    | Found Teneupu's Weapon Boutique.
 23432 | Orc:2    | Bought the +2 pair of gloves of the Lumpy Gods {rF+ MR+
                  | Str+7 Int-4} for 484 gold pieces
 23432 | Orc:2    | Bought a scroll of teleportation for 36 gold pieces
 23432 | Orc:2    | Bought a scroll of summoning for 114 gold pieces
 23432 | Orc:2    | Bought a scroll of identify for 24 gold pieces
 23452 | Orc:2    | Bought 7 curare-tipped darts for 67 gold pieces
 23690 | D:12     | Learned a level 1 spell: Apportation
 24270 | D:13     | Found a gate to the Vaults.
 24495 | D:13     | Found a frozen archway.
 24495 | D:13     | Found Rauf's Weapon Emporium.
 24539 | IceCv    | Entered an ice cave
 24717 | IceCv    | Found the +3 hat of Pondering {ponderous, MR+ MP+10 Int+5}
 25886 | D:14     | Noticed Jorgrun
 26019 | D:14     | Killed Jorgrun
 26759 | D:15     | Entered Level 15 of the Dungeon
 26964 | D:15     | Found a staircase to the Depths.
 26964 | D:15     | Noticed a fire giant
 26982 | D:15     | Killed a fire giant
 27092 | D:15     | Reached XP level 16. HP: 82/129 MP: 25/25
 27381 | D:15     | Found a basalt altar of Yredelemnul.
 27735 | D:15     | Reached skill level 19 in Polearms
 28286 | D:8      | Killed KaosKat's ghost
 28410 | Orc:2    | Bought an uncursed ring of poison resistance for 220 gold
                  | pieces
 28536 | Swamp:1  | Entered Level 1 of the Swamp
 28716 | Swamp:1  | Found a transporter.
 28718 | Swamp:1  | Noticed a tentacled monstrosity
 28723 | Swamp:1  | Noticed Zatibaps's ghost (journeyman FeVM)
 28838 | Swamp:1  | Found a transporter.
 29032 | Swamp:1  | Got a faintly humming ring mail
 29043 | Swamp:1  | Identified the cursed +0 ring mail "Masozi" {MR+ Str+6}
                  | (You found it on level 1 of the Swamp)
 29126 | Swamp:1  | Identified a scroll of acquirement
 29794 | Swamp:2  | You are sucked into a shaft and drop 1 floor!
 29890 | Swamp:2  | Got a vibrating sapphire amulet
 29895 | Swamp:2  | Identified the amulet "Ukailuh" {Faith rF- rC+ MR+ Dex+4}
                  | (You found it on level 2 of the Swamp)
 30032 | Swamp:2  | Noticed Donald
 30055 | Swamp:2  | Killed Donald
 30736 | Swamp:2  | Found an ancient bone altar of Kikubaaqudgha.
 30951 | Swamp:2  | Noticed a thorn hunter
 30959 | Swamp:2  | Banished a thorn hunter
 31552 | Swamp:2  | Noticed Aizul
 31554 | Swamp:2  | Noticed a thorn hunter
 31568 | Swamp:2  | Killed Aizul
 31572 | Swamp:2  | Banished a thorn hunter
 31853 | Swamp:3  | Noticed a thorn hunter
 31860 | Swamp:3  | Banished a thorn hunter
 31967 | Swamp:2  | Noticed a thorn hunter
 31969 | Swamp:2  | Banished a thorn hunter
 32665 | Swamp:2  | Upgraded the game from 0.24.0-7-gb3623d2c88 to
                  | 0.24.0-10-g970556be89
 33219 | Swamp:3  | Noticed a thorn hunter
 33220 | Swamp:3  | Banished a thorn hunter
 33220 | Swamp:3  | Reached XP level 17. HP: 118/136 MP: 27/27
 33520 | Swamp:4  | Entered Level 4 of the Swamp
 35867 | Swamp:4  | Paralysed by a hornet for 2 turns
 36285 | Swamp:4  | Reached skill level 20 in Polearms
 36542 | Swamp:4  | Got a decaying rune of Zot
 36765 | Spider:1 | Entered Level 1 of the Spider Nest
 37303 | Spider:1 | Identified a +2 pair of boots of running (You acquired it
                  | on level 1 of the Spider Nest)
 37904 | Spider:2 | Identified Roxanne's Handbook of Shape Shifting
 37904 | Spider:2 | Noticed Roxanne
 38219 | Spider:2 | Killed Roxanne
 38248 | Spider:3 | Found a large runed translucent door.
 38248 | Spider:3 | Found a large runed translucent door.
 38248 | Spider:3 | Noticed Jifi's ghost (journeyman GrGl)
 38317 | Spider:3 | Slain by Jifi's ghost

Levels and vault maps discovered:
D:1:      dpeg_arrival_rooms_c, layout_loops_ring
D:2:      layout_loops_corners, regret_index_temple_of_mockery,
          makhleb_altar_promises_db, marbit_many_paths, st_stairs_4,
          grunt_ministairs_11
D:3:      layout_loops_cross, ashenzari_altar_1
D:4:      layout_gridville, lemuel_doored_altar, grunt_temple_overflow_open,
          nrook_mini_vaults, elyvilon_altar_4, uniq_edmund, uniq_menkaure,
          uniq_sigmund
D:5:      layout_rooms, first_ration, amethyst_killhole, uniq_eustachio
D:6:      layout_loops_ring, minmay_misc_feat_room
D:7:      layout_gridville, minmay_temple_entry_junction_2
D:8:      layout_loops_ring, gammafunk_ghost_smash, uniq_grum, uniq_maurice
D:9:      layout_cave_pools, david_orc_2, serial_shops,
          nicolae_shop_statue_plus, uniq_erica
D:10:     layout_long_grid, dpeg_oklobed_lair, basic_altar, uniq_urug,
          uniq_erolcha
D:11:     layout_basic, gauntlet_entry_generic, hangedman_fish_farm,
          grunt_qazlal_clouds, uniq_harold, uniq_nergalle, uniq_psyche
D:12:     layout_rooms, minmay_orc_keep
D:13:     layout_roguey, david_vaults_3, portal_ice_cave_entry_pillars_1,
          serial_shops, shop
D:14:     layout_gridville, serial_bayou_pond_d, uniq_jorgrun
D:15:     grunt_enter_depths_giant_problem, layout_basic,
          eino_small_chamber_without_monster, hangedman_decor_push,
          lemuel_mausoleum_altar_yredelemnul
Lair:1:   layout_cave_pods, grunt_megastairs_1
Lair:2:   layout_gridlike, skrybe_swamp_entry_bodies,
          nicolae_spider_entry_non_spiders, patterned_corridor
Lair:3:   layout_regular_city, lemuel_fruit_fields, lemuel_fruit_fields,
          uniq_sonja, uniq_rupert
Lair:4:   layout_misc_corridors, zaba_anthell
Lair:5:   layout_cave_pods, eino_house_with_fridge, uniq_kirke
Lair:6:   minmay_lair_end_frog_pond, layout_hall_layers, slime_altar_1,
          chequers_serial_rivers_small_a, grunt_forest_small_clearings,
          serial_bayou_shore_a, infiniplex_staircase_pool_2,
          minmay_lair_oklob_chamber, lemuel_fruit_tree
Swamp:1:  layout_falls_marsh, gammafunk_ghost_arena,
          evilmike_swamp_ruin_house_2, nicolae_swamp_hydra_murder_den
Swamp:2:  layout_basic_swamp, hangedman_swamp_pad, swamp_pool1,
          grunt_ruined_hall, uniq_aizul, uniq_donald
Swamp:3:  layout_basic_swamp, evilmike_swamp_ruin_house_6, swamp_pool2
Swamp:4:  swamp_basic_johnstein, layout_basic_swamp, swamp_pool2
Spider:1: layout_spider_delve, drop_trap
Spider:2: layout_spider_delve, drop_trap, uniq_roxanne
Spider:3: layout_spider_delve, ebering_ghost_disaster_area
Orc:1:    layout_diamond_mine, basic_altar, statue_in_the_mist_lemuel
Orc:2:    st_orc_town, layout_caves, serial_shops, shop_statue,
          guppyfry_library_mini

Skill      XL: |  1  2  3  4  5  6  7  8  9 10 11 12 13 14 15 16 17 |
---------------+----------------------------------------------------+-----
Polearms       | 4 5 6 7 8 10 12 13 14 15 16 17 18 19 20 | 20.0
Invocations    | 3 4 5 6 7 8 9 10 11 12 13 14 | 14.3
Throwing       | 2 4 5 7 8 9 10 11 12 | 12.3
Fighting       | 4 6 7 8 9 10 11 12 13 | 13.6
Dodging        | 4 6 8 9 11 12 13 | 13.1
Armour         | 2 4 5 6 7 8 |  8.7
Evocations     | 1 4 5 7 8 9 |  9.1

Action                   |  1- 3 |  4- 6 |  7- 9 | 10-12 | 13-15 | 16-18 || total
-------------------------+-------+-------+-------+-------+-------+-------++-------
Melee: Spear             |   140 |   261 |    29 |       |       |       ||   430
       Trident           |       |       |   328 |       |       |       ||   328
       Glaive            |       |       |    40 |    33 |    28 |       ||   101
       Demon trident     |       |       |       |   589 |  1875 |  1182 ||  3646
       Unarmed           |       |       |       |       |     3 |       ||     3
       Tailslap          |       |       |       |       |     8 |    29 ||    37
Throw: Dart              |       |    17 |    67 |    55 |    34 |       ||   173
       Boomerang         |       |       |       |     6 |    31 |   109 ||   146
       Javelin           |       |       |       |       |     2 |       ||     2
       Throwing net      |       |       |       |       |     5 |       ||     5
Invok: Depart the Abyss  |     1 |       |       |       |       |       ||     1
       Banish            |       |       |       |     3 |     4 |    14 ||    21
       Corrupt           |       |       |       |       |     1 |       ||     1
       Bend Space        |       |       |       |       |     2 |     4 ||     6
 Abil: Stop Flying       |       |       |       |       |       |     1 ||     1
Evoke: Wand              |       |       |     7 |    19 |    10 |    33 ||    69
  Use: Scroll            |       |     3 |     4 |    16 |     7 |     9 ||    39
       Potion            |       |       |       |     5 |     2 |     2 ||     9
 Stab: Sleeping          |     1 |     1 |     1 |       |     1 |     1 ||     5
       Distracted        |       |     1 |       |       |     1 |       ||     2
       Paralysed         |       |       |    14 |     3 |     3 |    15 ||    35
       Invisible         |       |       |       |     6 |       |       ||     6
       Held in net/web   |       |       |       |       |     1 |       ||     1
       Confused          |       |       |       |       |       |     1 ||     1
  Eat: Chunk             |     2 |    11 |    12 |    16 |    39 |    26 ||   106
       Ration            |       |       |     1 |     1 |       |     4 ||     6
Armor: Leather armour    |    18 |    31 |    60 |     5 |     6 |       ||   120
       Ring mail         |    10 |    30 |       |       |       |       ||    40
       Troll leather arm |       |       |       |    32 |   139 |    25 ||   196
       Skin              |       |       |       |       |     1 |       ||     1
       Crystal plate arm |       |       |       |       |     2 |       ||     2
       Swamp dragon scal |       |       |       |       |       |   176 ||   176
Dodge: Dodged            |    58 |   117 |   163 |   249 |   733 |   701 ||  2021
Block: Other             |       |       |       |    55 |   169 |     3 ||   227
       Reflection        |       |       |       |     7 |    15 |     1 ||    23
